 Dungeon Crawl Stone Soup version 0.19.0-20-gbc5f0c6 (webtiles) character file.

150 glitchdot the Conjurer (level 5, -3/31 HPs)
             Began as an Octopode Conjurer on Nov 16, 2016.
             Was an Initiate of Ru.
             Slain by a hound (4 damage)
             ... on level 4 of the Dungeon.
             The game lasted 00:21:21 (3592 turns).

glitchdot the Conjurer (Octopode Conjurer)          Turns: 3592, Time: 00:21:21

Health: -3/31      AC:  1    Str:  8    XL:     5   Next: 32%
Magic:  5/8        EV: 13    Int: 18    God:    Ru [......]
Gold:   154        SH:  0    Dex: 12    Spells: 3 memorised, 2 levels left

rFire  x . .     SeeInvis .       - Unarmed
rCold  + . .     Gourm    .     (no shield)
rNeg   . . .     Faith    .     (helmet restricted)
rPois  .         Spirit   .     (no amulet)
rElec  .         Reflect  .     c - ring of ice
rCorr  .         Harm     .     (no ring)
MR     .....                    (no ring)
Stlth  +++.......               (no ring)
                                (no ring)
                                (no ring)
                                (no ring)
                                (no ring)

@: very slightly contaminated, drained
A: almost no armour, stealthy swim, amphibious, 8 rings, constrict 8, camouflage
1, gelatinous body 1
a: Renounce Religion


You were on level 4 of the Dungeon.
You worshipped Ru.
Ru was noncommittal.
You were hungry.

You visited 1 branch of the dungeon, and saw 4 of its levels.

You collected 154 gold pieces.

Inventory:

Jewellery
 c - a ring of ice (left tentacle)
Scrolls
 e - a scroll of teleportation
 f - a scroll of magic mapping {unknown}
Potions
 g - 2 potions of resistance
Books
 a - a book of Conjurations

   Spells                             Type                      Level
   a - Magic Dart                     Conjuration                  1
   b - Searing Ray                    Conjuration                  2
   c - Dazzling Spray                 Conjuration/Hexes            3
   d - Fulminant Prism                Conjuration/Hexes            4
   e - Iskenderun's Mystic Blast      Conjuration                  4
   f - Iskenderun's Battlesphere      Conjuration/Charms           5
Miscellaneous
 d - a plain deck of escape {drawn: 6}


   Skills:
 + Level 0.2(0.0) Fighting
 + Level 2.5(2.3) Dodging
 + Level 4.3(4.1) Stealth
 + Level 2.0(1.8) Unarmed Combat
 + Level 2.2(1.9) Spellcasting
 + Level 5.0(4.7) Conjurations


You had 2 spell levels left.
You knew the following spells:

 Your Spells              Type           Power        Failure   Level  Hunger
a - Magic Dart            Conj           ###.         2%          1    #......
b - Searing Ray           Conj           ###...       4%          2    ###....
c - Dazzling Spray        Conj/Hex       ##....       24%         3    ###....


Dungeon Overview and Level Annotations

Branches:
Dungeon (4/15)
 Temple: D:4-7

Altars:
Elyvilon
Gozag
Nemelex Xobeh
Okawaru
Ru
Sif Muna


Innate Abilities, Weirdness & Mutations

You cannot wear most types of armour.
You are very stealthy in the water. (Stealth+)
You are amphibious.
You can wear up to eight rings at the same time.
You can use your tentacles to constrict eight enemies at once.
Your skin changes colour to match your surroundings (Stealth+).
Your rubbery body absorbs attacks. (AC +1, EV +1)


Message History

The leopard gecko moves out of view.
The hound barely misses you.
A hound comes into view.
You closely miss the hound.
The hound barks!
Your grab misses the hound. You squeeze the hound.
The hound is almost dead.
The hound closely misses you. x2
You closely miss the hound. You grab the hound.
The hound is almost dead.
You constrict the hound, but do no damage.
The hound misses you.
You tentacle-slap the hound.
The hound is almost dead.
You constrict the hound. The hound completely misses you. The hound bites you.
* * * LOW HITPOINT WARNING * * *
Evoke which item? (* to show all) (? for menu, Esc to quit)
You draw a card...
It is the Tomb.
Walls emerge from the floor!
You constrict the hound, but do no damage.
The hound bites you but does no damage. The hound bites you.
You die...

## #.# ..
##.####<
>. ..
........
..#.
...##.##
.#.#######
##. #
........#
....#
#.l.....#
#.#..
##hh....#
# #..
#:@.....#
#..
#(##..$.#
#...#
#.......#
####
#.......#
......?.#
....######
!...#
#....#


You could see 2 hounds and a leopard gecko.

Vanquished Creatures
  A worker ant (D:4)
  6 adders
  An ooze (D:1)
  5 leopard geckos
  2 orcs (D:3)
  2 giant cockroaches (D:2)
  7 goblins
  6 hobgoblins
  3 jackals (D:1)
  8 kobolds
  A ball python (D:4)
  6 bats (D:2)
  2 frilled lizards (D:2)
  A jackal zombie (D:1)
  12 rats
63 creatures vanquished.

Notes
Turn   | Place    | Note
-------+----------+-------------------------------------------
     0 | D:1      | glitchdot the Octopode Conjurer began the quest for the Orb.
     0 | D:1      | Reached XP level 1. HP: 11/11 MP: 3/3
   290 | D:1      | Reached XP level 2. HP: 17/17 MP: 5/5
   296 | D:1      | Learned a level 2 spell: Searing Ray
  1018 | D:2      | Reached XP level 3. HP: 21/21 MP: 1/6
  1190 | D:2      | Found a sparkling altar of Nemelex Xobeh.
  1202 | D:2      | Became a worshipper of Nemelex Xobeh the Trickster
  1253 | D:2      | Received a gift from Nemelex Xobeh
  1286 | D:2      | Learned a level 3 spell: Dazzling Spray
  1554 | D:2      | Reached skill level 1 in Unarmed Combat
  1725 | D:2      | Reached XP level 4. HP: 27/27 MP: 3/7
  1941 | D:2      | Found a faded altar of an unknown god.
  1941 | D:2      | Found a faded altar of an unknown god.
  1948 | D:2      | Found a faded altar of an unknown god.
  1950 | D:2      | Found a sacrificial altar of Ru.
  1952 | D:2      | Found a faded altar of an unknown god.
  1958 | D:2      | Fell from the grace of Nemelex Xobeh
  1958 | D:2      | Became a worshipper of Ru the Awakened
  2786 | D:2      | Found a deep blue altar of Sif Muna.
  2886 | D:3      | Found a white marble altar of Elyvilon.
  2886 | D:3      | Found an iron altar of Okawaru.
  2913 | D:3      | Found an opulent altar of Gozag.
  3031 | D:3      | Reached XP level 5. HP: 31/31 MP: 6/8
  3132 | D:2      | HP: 1/31 [poisoned by an adder]
  3458 | D:4      | Reached skill level 5 in Conjurations
  3526 | D:4      | HP: 1/31 [hound (2)]
  3591 | D:4      | HP: 1/31 [hound (6)]
  3592 | D:4      | Slain by a hound

Skill      XL: |  1  2  3  4  5 |
---------------+----------------+-----
Stealth        | 3 4 |  4.3
Unarmed Combat | 1 2 |  2.0
Conjurations   | 5 |  5.0
Fighting       | |  0.2
Dodging        | |  2.5
Spellcasting   | |  2.2

Action                   |  1- 3 |  4- 6 || total
-------------------------+-------+-------++-------
Melee: Unarmed           |    63 |    81 ||   144
       Constrict         |    17 |    15 ||    32
       Tentacles         |    10 |     8 ||    18
       Punch             |       |     1 ||     1
 Cast: Magic Dart        |    27 |    28 ||    55
       Searing Ray       |     3 |     7 ||    10
       Dazzling Spray    |       |     1 ||     1
Evoke: Deck              |       |     6 ||     6
  Use: Scroll            |     3 |     5 ||     8
       Potion            |       |     2 ||     2
 Stab: Sleeping          |     9 |     4 ||    13
       Distracted        |     1 |       ||     1
  Eat: Bread ration      |     1 |     2 ||     3
       Meat ration       |       |     1 ||     1
       Chunk             |       |     4 ||     4
Armor: Skin              |     4 |    12 ||    16
Dodge: Dodged            |    43 |    69 ||   112
